Map: Oxide LE

Players

HeroMarine

  • Race: Terran Terran
  • Spawn Location: 7:00

Stats - Winner!

  • Race: Protoss Protoss
  • Spawn Location: 1:00

Event: DreamHack SC2 Masters 2020 Winter

VOD

Have the link to the VOD?

Description

Time

  • Played on: Nov. 13, 2020, 9:02 a.m.
  • Length: 14:14

All games in this series

Show
View Real Time Build Order
Export as new Build Order

HeroMarine Terran 

Build Orders: Reaper Expand 

Get SALT Encoding   

  12  0:00  SCV  
  13  0:12  SCV  
  14  0:17  Supply Depot  
  14  0:24  SCV  
  15  0:38  SCV  
  15  0:39  Barracks  
  16  0:43  Refinery  
  16  0:50  SCV  
  17  1:03  SCV  
  18  1:15  SCV  
  19  1:27  Reaper  
  19  1:28  Orbital Command  
  20  1:46  Command Center  
  20  1:53  SCV  
  21  1:54  Supply Depot  
  21  1:59  Marine  
  22  2:06  SCV  
  23  2:14  Factory  
  23  2:18  SCV  
  24  2:24  Bunker  
  24  2:28  Barracks Reactor  
  24  2:32  SCV  
  25  2:39  Refinery  
  25  2:44  SCV  
  26  2:57  SCV  
  26  2:59  Orbital Command  
  26  3:02  Hellion  
  28  3:09  SCV  
  28  3:11  Marine  
  30  3:13  Marine  
  30  3:21  SCV  
  30  3:28  SCV  
  30  3:29  Marine  
  30  3:33  SCV, Factory Tech Lab  
  33  3:36  Marine  
  33  3:40  SCV  
  34  3:45  SCV  
  34  3:46  Marine  
  36  3:50  Starport  
  36  3:52  Cyclone  
  36  3:54  SCV  
  40  3:57  SCV  
  40  4:01  Marine  
  42  4:04  Marine  
  42  4:05  Supply Depot  
  42  4:06  SCV  
  42  4:09  SCV  
  45  4:18  SCV  
  45  4:23  Supply Depot  
  46  4:26  Marine x2  
  46  4:27  SCV  
  46  4:28  Viking  
  46  4:30  Siege Tank  
  54  4:37  SCV  
  53  4:39  SCV  
  54  4:45  Command Center  
  54  4:49  SCV  
  54  4:51  SCV  
  56  4:53  Marine x2  
  58  5:00  Supply Depot  
  58  5:01  SCV  
  58  5:02  Viking  
  58  5:03  SCV  
  62  5:17  Barracks  
  62  5:21  Siege Tank, SCV x2, Marine x2  
  62  5:22  Barracks  
  68  5:30  Supply Depot  
  68  5:33  SCV x2  
  70  5:37  Refinery, Starport Tech Lab  
  70  5:38  Engineering Bay  
  70  5:50  Refinery  
  70  5:51  Marine x2, SCV x2  
  70  5:52  Supply Depot  
  70  5:53  Siege Tank  
  77  5:57  Orbital Command  
  77  6:03  SCV x2  
  75  6:05  Barracks Tech Lab  
  75  6:06  Starport Reactor  
  75  6:08  Terran Infantry Weapons Level 1  
  75  6:09  Marine x2  
  75  6:10  Missile Turret  
  77  6:15  SCV x2  
  77  6:17  Stimpack  
  77  6:18  Marine  
  80  6:21  Missile Turret, Orbital Command  
  80  6:26  Marine x3  
  80  6:27  Siege Tank, SCV x2  
  80  6:32  Supply Depot  
  88  6:34  Supply Depot  
  88  6:35  Marine  
  88  6:39  SCV  
  89  6:44  Marine x3  
  93  6:47  SCV x2  
  93  6:50  Missile Turret  
  93  6:52  SCV  
  93  6:53  Marine  
  93  6:56  Combat Shield  
  93  6:59  SCV x2  
  93  7:00  Medivac x2  
  99  7:01  Marine  
  99  7:02  Marine x2, Supply Depot  
  99  7:04  SCV, Supply Depot  
  103  7:09  Siege Tank  
  103  7:11  SCV x2  
  108  7:16  SCV  
  108  7:18  Barracks x2  
  109  7:23  SCV x2, Marine x2  
  109  7:27  Marauder x2  
  109  7:28  SCV  
  118  7:30  Supply Depot  
  118  7:34  Refinery  
  118  7:35  SCV x2, Refinery  
  120  7:38  Supply Depot  
  120  7:40  SCV  
  120  7:42  Siege Tank  
  124  7:45  Medivac  
  124  7:46  Medivac  
  124  7:47  SCV  
  124  7:49  SCV  
  130  7:52  SCV  
  131  7:59  Marauder x2, SCV  
  131  8:01  SCV, Supply Depot  
  131  8:03  Marine x2  
  131  8:04  SCV  
  139  8:05  Bunker  
  139  8:07  Barracks Tech Lab, Barracks Reactor  
  139  8:08  Supply Depot  
  138  8:14  Terran Infantry Armor Level 1  
  138  8:15  Missile Turret  
  138  8:20  Marauder x2  
  138  8:21  Viking  
  138  8:22  Viking  
  146  8:31  SCV  
  146  8:32  SCV x2  
  149  8:36  Command Center  
  149  8:38  Armory  
  149  8:42  Engineering Bay  
  149  8:44  SCV  
  149  8:45  SCV x2  
  149  8:47  Ghost Academy  
  152  8:50  Marine  
  152  8:51  Marine x4  
  152  8:54  Supply Depot  
  152  8:55  Viking  
  159  8:57  Viking  
  161  9:06  Marauder x2  
  161  9:09  Missile Turret  
  165  9:16  Marauder, Supply Depot  
  167  9:17  Supply Depot  
  167  9:27  Siege Tank  
  167  9:28  Marauder  
  167  9:30  Bunker  
  172  9:32  Supply Depot  
  172  9:33  Supply Depot, Terran Infantry Weapons Level 2  
  172  9:38  Viking x2, Ghost x2  
  180  9:42  Enhanced Shockwaves  
  180  9:44  Terran Ship Weapons Level 1  
  180  9:46  Marine x3  
  180  9:47  Marine  
  180  9:48  Ghost  
  180  9:49  SCV  
  180  9:50  SCV x2  
  188  10:02  SCV x3  
  188  10:04  Marine  
  192  10:07  Barracks  
  192  10:08  Ghost x2, Barracks x2  
  192  10:13  Sensor Tower  
  196  10:23  SCV x3  
  190  10:35  SCV x3  
  182  10:37  Ghost x3  
  182  10:41  Planetary Fortress  
  188  10:46  Bunker  
  188  10:47  SCV x3  
  191  10:51  Viking  
  191  10:52  Viking  
  191  11:13  Barracks Tech Lab, Barracks Reactor  
  191  11:16  Refinery x2  
  191  11:17  Marine x3  
  194  11:20  Missile Turret  
  194  11:21  Starport, Viking  
  194  11:22  Viking  
  194  11:23  Factory Reactor  
  196  11:43  Ghost  
  196  11:44  Ghost  
  193  11:51  Viking  
  193  11:52  Viking  
  166  11:55  Marauder x2  
  166  11:59  Bunker  
  171  12:06  Marine x3  
  172  12:09  Marine x2  
  172  12:11  Command Center  
  174  12:16  Marauder x2  
  174  12:18  Marauder x2, Marine  
  174  12:19  Marine  
  174  12:21  Viking x2  
  188  12:24  Marine  
  188  12:25  Missile Turret  
  188  12:29  Concussive Shells  
  189  12:32  Marine x2  
  189  12:37  Marauder x3, Viking x2  
  185  13:03  Marine x2  
  185  13:05  Marauder, Marine  
  162  13:06  Marine x2, Marauder x3  
  162  13:07  Marauder, Viking x2  
  162  13:12  Marine  
  178  13:18  Sensor Tower  
  178  13:20  Sensor Tower  
  178  13:21  Marine x2  
  178  13:25  Ghost  
  178  13:26  Ghost x2  
  182  13:28  Marauder  
  182  13:33  Ghost  
  190  13:35  Marine  
  178  13:44  SCV  
  178  13:45  SCV x2  
  178  13:47  SCV  
Show
View Real Time Build Order
Export as new Build Order

Stats Protoss - Winner!

Build Orders: 1 Gate Expand, Phoenix Opening, Zealot Archon, Colossus Rush 

Get SALT Encoding   

  12  0:00  Probe  
  13  0:12  Probe  
  14  0:19  Pylon  
  14  0:24  Probe  
  15  0:37  Probe (Chrono Boost)  
  15  0:39  Gateway  
  16  0:47  Assimilator, Probe (Chrono Boost)  
  17  0:52  Probe (Chrono Boost)  
  18  1:03  Probe  
  19  1:15  Probe  
  20  1:26  Cybernetics Core  
  20  1:32  Nexus  
  20  1:34  Probe  
  21  1:41  Pylon  
  21  1:49  Assimilator  
  21  1:50  Probe  
  22  2:00  Adept (Chrono Boost)  
  22  2:05  Shield Battery  
  22  2:06  Probe  
  25  2:09  Warp Gate  
  25  2:18  Probe  
  25  2:20  Adept (Chrono Boost)  
  28  2:30  Probe  
  29  2:39  Stargate  
  29  2:42  Probe  
  30  2:48  Adept  
  32  2:51  Probe  
  32  2:55  Probe  
  34  3:04  Probe  
  35  3:07  Probe  
  36  3:16  Probe  
  36  3:19  Probe (Chrono Boost)  
  38  3:28  Probe (Chrono Boost)  
  38  3:30  Phoenix  
  38  3:31  Probe (Chrono Boost)  
  40  3:38  Probe (Chrono Boost)  
  40  3:40  Probe (Chrono Boost)  
  42  3:43  Probe (Chrono Boost)  
  42  3:44  Pylon  
  42  3:45  Assimilator  
  42  3:47  Assimilator, Probe  
  43  3:54  Probe  
  45  3:57  Robotics Facility  
  45  4:02  Phoenix (Chrono Boost), Gateway, Probe (Chrono Boost)  
  48  4:06  Probe (Chrono Boost)  
  49  4:15  Pylon  
  49  4:16  Probe (Chrono Boost)  
  50  4:17  Probe (Chrono Boost)  
  50  4:21  Pylon  
  50  4:24  Probe  
  52  4:25  Phoenix (Chrono Boost)  
  54  4:33  Probe  
  55  4:42  Phoenix  
  57  4:47  Observer  
  57  4:48  Robotics Bay  
  57  4:51  Nexus  
  58  4:53  Probe x2  
  58  4:55  Pylon  
  60  5:05  Probe x2  
  62  5:07  Phoenix  
  64  5:16  Observer (Chrono Boost)  
  64  5:17  Probe x2  
  64  5:18  Pylon  
  67  5:23  Forge  
  67  5:24  Twilight Council  
  67  5:28  Sentry  
  67  5:33  Probe x2  
  67  5:34  Colossus (Chrono Boost)  
  77  5:43  Extended Thermal Lance  
  77  5:45  Pylon  
  77  5:48  Probe x2  
  77  5:49  Protoss Ground Weapons Level 1, Observer  
  79  5:51  Shield Battery  
  79  5:56  Gateway  
  79  6:00  Probe x2  
  81  6:06  Charge  
  81  6:08  Probe  
  82  6:12  Probe x2  
  82  6:16  Gateway  
  82  6:17  Gateway  
  84  6:20  Probe  
  84  6:22  Colossus (Chrono Boost)  
  91  6:29  Gateway  
  91  6:34  Gateway  
  91  6:35  Gateway  
  91  6:39  Pylon  
  91  6:40  Probe x2  
  91  6:41  Probe  
  94  6:48  Assimilator  
  94  6:49  Assimilator  
  94  6:52  Pylon  
  94  7:00  Probe x3  
  97  7:01  Templar Archives  
  97  7:03  Gateway  
  97  7:05  Warp Prism (Chrono Boost), Gateway  
  99  7:12  Probe  
  99  7:22  Forge  
  99  7:27  Nexus  
  99  7:29  Pylon  
  99  7:38  High Templar x4  
  99  7:39  Zealot x4  
  99  7:41  Colossus (Chrono Boost)  
  99  7:43  Archon x2  
  115  7:45  Protoss Ground Weapons Level 2 (Chrono Boost)  
  115  7:49  Protoss Ground Armor Level 1 (Chrono Boost)  
  115  7:50  Pylon, Probe x3  
  115  7:51  Pylon  
  124  7:52  Shield Battery  
  124  8:02  Probe x3  
  127  8:09  Zealot x3  
  127  8:10  Zealot  
  135  8:17  Pylon  
  135  8:19  High Templar x2, Pylon, Zealot  
  141  8:23  Archon  
  141  8:28  Zealot x3  
  141  8:33  Probe x2  
  149  8:35  Probe  
  149  8:37  Pylon  
  149  8:39  Pylon  
  149  8:40  High Templar x2  
  149  8:41  Zealot  
  156  8:45  Archon  
  156  8:46  Zealot x2  
  160  8:54  Zealot x4  
  160  8:55  Zealot  
  170  9:00  Pylon  
  170  9:03  Observer  
  170  9:13  High Templar x4  
  170  9:14  Zealot  
  180  9:18  Archon x2  
  180  9:19  Zealot x5  
  180  9:22  Blink  
  190  9:29  Gateway  
  190  9:31  Gateway  
  190  9:39  Observer  
  190  9:42  Protoss Ground Armor Level 2 (Chrono Boost)  
  190  9:53  Zealot x5  
  200  10:04  Protoss Ground Weapons Level 3 (Chrono Boost)  
  200  10:05  Warp Prism (Chrono Boost)  
  200  10:09  Robotics Facility  
  200  10:17  Assimilator x2  
  200  10:19  Photon Cannon  
  160  10:40  Stalker x4  
  160  10:41  Stalker x3  
  160  10:42  Stalker x3  
  178  10:44  Observer (Chrono Boost)  
  179  10:50  Dark Shrine  
  180  10:58  Observer (Chrono Boost)  
  180  11:00  Zealot x2  
  184  11:05  Warp Prism (Chrono Boost)  
  182  11:13  Pylon, Nexus  
  182  11:16  Pylon  
  185  11:20  Zealot x7  
  185  11:24  Disruptor (Chrono Boost)  
  199  11:41  Gateway  
  199  11:44  Gateway  
  145  11:56  Disruptor (Chrono Boost)  
  145  11:57  Zealot x6  
  145  11:58  Disruptor (Chrono Boost), Zealot x6  
  167  12:08  Shadow Stride (Chrono Boost)  
  167  12:12  Shield Battery  
  167  12:13  Probe x2  
  167  12:14  Shield Battery, Probe x2  
  171  12:21  Observer  
  171  12:22  Stalker x3, Sentry x2  
  177  12:23  Stalker x4  
  177  12:24  Disruptor (Chrono Boost), Zealot x3  
  177  12:25  Probe  
  199  12:30  Disruptor (Chrono Boost)  
  190  13:02  Zealot x14  
  186  13:07  Disruptor  
  186  13:08  Disruptor  
  192  13:20  Nexus  
  192  13:22  Pylon  
  192  13:28  Dark Templar x4  
  198  13:47  Dark Templar x5  
  191  13:54  Zealot x5  
Tags
 
Add a new tag
Caveats
  • Supply blocks, unpowered buildings, or Contaminate may cause inaccurate times.
  • Supply counts are checked every 10 seconds.